 Dungeon Crawl Stone Soup version 0.28-a0-1038-g9c4cb8273d (webtiles) character file.

Game seed: 2714010086189362002

28677 pokeman the Eclecticist (level 13, 0/72 HPs)
             Began as a Deep Elf Hedge Wizard on Dec 7, 2021.
             Was a High Priest of Vehumet.
             Slain by an ironbound preserver (24 damage)
             ... on level 14 of the Dungeon on Dec 8, 2021.
             The game lasted 00:58:39 (19253 turns).

pokeman the Eclecticist (Deep Elf Hedge Wizard)    Turns: 19253, Time: 00:58:40

Health: 0/72       AC: 15    Str:  7    XL:     13   Next: 11%
Magic:  31/46      EV: 12    Int: 33    God:    Vehumet [*****.]
Gold:   827        SH:  5    Dex: 14    Spells: 32/49 levels left

rFire   . . .      SeeInvis .   h - +12 falchion "Xubaz" {drain, Contam +Blink Fly Int+2}
rCold   . . .      Faith    .   P - +0 buckler
rNeg    . . .      Spirit   .   n - +0 acid dragon scales
rPois   .          Reflect  .   j - +2 helmet
rElec   .          Harm     .   J - +1 cloak {Stlth+}
rCorr   +          Rampage  .   N - +0 pair of gloves
Will    +....                   f - +0 pair of boots
Stlth   +++.......              B - amulet of the acrobat
HPRegen 0.22/turn               w - +6 ring of intelligence
MPRegen 0.30/turn               T - ring of magical power

@: flying
A: no striking features
a: Renounce Religion, Evoke Blink


You were on level 14 of the Dungeon.
You worshipped Vehumet.
Vehumet was extremely pleased with you.
You visited 2 branches of the dungeon, and saw 15 of its levels.
You also visited: Sewer, Ossuary and Bailey.

You collected 955 gold pieces.
You spent 128 gold pieces at shops.

Inventory:

Hand Weapons
 h - the +12 falchion "Xubaz" (weapon) {drain, Contam +Blink Fly Int+2}
   (You found it in a bailey)

   A truly terrible weapon, it drains the life of any living foe it strikes.
   Int:       It affects your intelligence (+2).
   Fly:       It grants you flight.
   +Blink:    It lets you blink.
   Contam:    It causes magical contamination when unequipped.
 q - a +1 vorpal shortbow
 L - a +0 hand crossbow
 U - a +2 spear of venom
Missiles
 p - 195 bolts
Armour
 f - a +0 pair of boots (worn)
 j - a +2 helmet (worn)
 n - +0 acid dragon scales (worn)
 t - a +0 troll leather armour
 J - a +1 cloak of stealth (worn)
 N - a +0 pair of gloves (worn)
 P - a +0 buckler (worn)
 Q - a +0 robe of cold resistance
Jewellery
 d - a ring of protection from fire
 e - a ring of protection from fire
 l - a ring of positive energy
 o - a ring of poison resistance
 w - a +6 ring of intelligence (left hand)
 B - an amulet of the acrobat (around neck)
 S - a ring of protection from cold
 T - a ring of magical power (right hand)
Wands
 k - a wand of digging (16)
 m - a wand of polymorph (6)
Scrolls
 a - a scroll of immolation
 b - 5 scrolls of teleportation
 c - 3 scrolls of blinking
 r - a scroll of holy word
 s - a scroll of fear
 u - a scroll of fog
 y - a scroll of identify
 C - a scroll of enchant armour
 D - a scroll of summoning
 M - 4 scrolls of magic mapping
Potions
 g - 7 potions of curing
 i - a potion of invisibility
 v - a potion of ambrosia
 x - a potion of might
 z - a potion of magic
 A - 4 potions of flight
 G - 4 potions of heal wounds
 O - a potion of brilliance


   Skills:
 + Level 4.4 Fighting
 - Level 5.0 Armour
 - Level 4.2 Dodging
 - Level 3.0 Stealth
 - Level 4.0 Shields
 * Level 18.5 Spellcasting
 + Level 11.1 Conjurations
 - Level 1.1 Summonings
 - Level 1.1 Translocations
 + Level 10.6 Fire Magic
 - Level 1.1 Ice Magic
 - Level 1.0 Air Magic
 - Level 1.3 Poison Magic
 - Level 1.2 Evocations


You had 32 spell levels left.
You knew the following spells:

 Your Spells              Type           Power      Damage    Failure   Level
a - Magic Dart            Conj           100%       1d8       0%          1
b - Mephitic Cloud        Conj/Pois/Air  57%        N/A       1%          3
c - Call Imp              Summ           37%        N/A       1%          2
d - Blink                 Tloc           74%        N/A       1%          2
e - Conjure Flame         Conj/Fire      80%        6-21      1%          3
f - Foxfire               Conj/Fire      100%       2x1d9     1%          1
g - Freezing Cloud        Conj/Ice/Air   28%        6-21      2%          5

Your spell library contained the following spells:

 Spells                   Type           Power      Damage    Failure   Level
 Olgreb's Toxic Radiance  Pois           39%        N/A       3%          4
 Animate Skeleton         Necr           60%        N/A       1%          1
 Apportation              Tloc           74%        N/A       1%          1
 Freeze                   Ice            100%       1d11      1%          1
 Slow                     Hex            100%       N/A       1%          1
 Summon Small Mammal      Summ           100%       N/A       1%          1
 Frozen Ramparts          Ice            76%        1d9       1%          3
 Hailstorm                Conj/Ice       63%        3d13      1%          4
 Irradiate                Conj/Tmut      30%        3d23      1%          5
 Sublimation of Blood     Necr           30%        N/A       3%          2
 Petrify                  Tmut/Erth      30%        N/A       21%         4
 Simulacrum               Ice/Necr       17%        N/A       94%         6
 Polar Vortex             Ice            19%        N/A       100%        9


Dungeon Overview and Level Annotations

Branches:
Dungeon (14/15)            Temple (1/1) D:7            Lair (0/6) D:8
    Orc (0/2) D:9           Sewer (visited)         Ossuary (visited)
 Bailey (visited)
 Vaults: D:13-14

Altars:
Dithmenos
Fedhas
Hepliaklqana
Kikubaaqudgha
Makhleb
Qazlal
Ru
Sif Muna
Uskayaw
Vehumet
Yredelemnul
Zin
The Shining One

Shops:
D:3 *   D:5 *?*:**   D:8 (   D:11 (

Portals:
Trove: D:11 (give +3 shadow dragon scales)

Annotations:
D:5 Gold behind ice clouds
D:12 3 runed translucent doors, Giloa's ghost, journeyman GrFi


Message History

The fire elemental disappears in a puff of smoke!
The deep elf pyromancer is engulfed in freezing vapours.
You kill the deep elf pyromancer!
Vehumet accepts your kill.
The fire elemental disappears in a puff of smoke!
Casting: Freezing Cloud (dangerous; 2% risk of failure)
Confirm with . or Enter, or press ? or * to list all spells.
Aiming: Mephitic Cloud (safe; 1% risk of failure)
Press: ? - help, Shift-Dir - straight line, f - ironbound preserver
Aim: an ironbound preserver, wielding a +0 great mace and wearing a +0 ring mail (chance to affect: 34%)
The ball explodes into a vile cloud!
The stinking cloud engulfs the ironbound preserver but does no damage.
The ironbound preserver is engulfed in noxious fumes.
The ironbound preserver appears confused.
The ironbound preserver chortles and stares into space.
Unknown command.
The ironbound preserver is engulfed in noxious fumes.
The ironbound preserver is engulfed in noxious fumes.
The ironbound preserver appears confused.
A freezing wraith comes into view.
Casting: Mephitic Cloud (safe; 1% risk of failure)
Confirm with . or Enter, or press ? or * to list all spells.
Aiming: Mephitic Cloud (safe; 1% risk of failure)
Press: ? - help, Shift-Dir - straight line, f/p - ironbound preserver
Aim: an ironbound preserver, wielding a +0 great mace and wearing a +0 ring mail (lightly wounded, confused, chance to affect: 34%)
The ball explodes into a vile cloud!
The stinking cloud engulfs the ironbound preserver but does no damage.
The ironbound preserver is lightly wounded.
You hear a shout! x2
The ironbound preserver is engulfed in noxious fumes.
The ironbound preserver appears confused.
The troll is engulfed in noxious fumes.
The troll appears confused.
Unknown command.
Really fly into that cloud of freezing vapour?
You are engulfed in freezing vapours.
The ironbound preserver is engulfed in noxious fumes.
There is a stone staircase leading up here.
You are engulfed in freezing vapours.
The ironbound preserver hits you with a +0 great mace!!
You die...

.# .# ##.##. .....
#...# #...# #..?#
#...# .
######.=.####.
....#W@p○§§.......
#..§§§§§.○....T....
#..#§#######Q.#####
# # ..# ..# p.# ..'
..'.


You could see an ironbound preserver (confused), a freezing wraith, a troll
(confused) and a tengu conjurer (wandering).

Vanquished Creatures
  A vault guard (D:11)
  A hydra (D:11)
  An ogre mage (D:13)
  A centaur warrior (D:13)
  A two-headed ogre (shapeshifter) (D:10)
  A tengu warrior (D:13)
  7 two-headed ogres
  An orc knight (Bailey)
  4 ugly things
  5 deep elf pyromancers
  3 cyclopes
  2 manticores (D:11)
  2 gargoyles
  3 komodo dragons
  A queen bee (shapeshifter) (D:14)
  4 trolls (D:13)
  A hornet (D:10)
  Grinder (D:3)
  11 slime creatures
  Sigmund (D:2)
  A shadow (D:13)
  A vampire (D:12)
  A wyvern (D:8)
  3 wraiths
  Eustachio (D:4)
  2 basilisks (D:8)
  13 yaks
  4 vampire mosquitoes
  2 acid dragons (D:8)
  2 water moccasins
  10 orc warriors
  3 sky beasts
  An ice beast (D:8)
  A black bear (D:8)
  A hornet zombie (D:8)
  5 ogres
  4 centaurs
  A necrophage (D:7)
  A phantom (D:6)
  4 kobold brigands
  2 elf zombies (Ossuary)
  3 wyvern zombies
  Blork the orc (D:4)
  2 bullfrogs (D:7)
  A scorpion (D:4)
  3 gnoll sergeants
  A wyvern skeleton (D:6)
  A water moccasin skeleton (D:6)
  10 wights
  A howler monkey (D:10)
  4 centaur zombies
  2 hounds
  3 human zombies (Ossuary)
  2 jellies
  13 orc priests
  Crazy Yiuf (D:6)
  A centaur skeleton (D:7)
  2 gnoll shamans
  A bullfrog skeleton (D:6)
  Jessica (D:2)
  An iguana (D:5)
  Natasha (thrice) (D:3)
  13 orc wizards
  A howler monkey zombie (D:9)
  4 mummies
  Robin (D:2)
  25 gnolls
  6 adders
  A river rat (D:4)
  A white imp (D:6)
  2 ufetubi
  6 adder zombies (Ossuary)
  5 worms
  3 dart slugs
  48 orcs
  4 ball pythons
  9 endoplasms
  6 giant cockroaches
  A gnoll zombie (Ossuary)
  15 goblins
  13 hobgoblins
  2 jackals (Sewer)
  9 bats
  3 frilled lizards
  4 goblin zombies (Ossuary)
  7 hobgoblin zombies
  3 jackal zombies (Ossuary)
  42 kobolds
  3 kobold zombies
  3 orc zombies
  3 quokka zombies (Ossuary)
  5 rats
  A rat zombie (Ossuary)
421 creatures vanquished.

Vanquished Creatures (collateral kills)
  A yak (D:11)
  6 goblins
7 creatures vanquished.

Vanquished Creatures (others)
  630 foxfires
630 creatures vanquished.

Grand Total: 1058 creatures vanquished

Notes
Turn   | Place    | Note
-------+----------+-------------------------------------------
     0 | D:1      | pokeman the Deep Elf Hedge Wizard began the quest for the
                  | Orb.
     0 | D:1      | Reached XP level 1. HP: 10/10 MP: 7/7
   332 | D:1      | Reached XP level 2. HP: 15/15 MP: 3/9
   902 | D:2      | Noticed Jessica
   908 | D:2      | Killed Jessica
   909 | D:2      | Reached skill level 5 in Spellcasting
   909 | D:2      | Reached XP level 3. HP: 14/20 MP: 3/11
   917 | D:2      | Learned a level 3 spell: Mephitic Cloud
   920 | D:2      | Learned a level 2 spell: Call Imp
   923 | D:2      | Learned a level 2 spell: Blink
   927 | D:2      | Learned a level 3 spell: Conjure Flame
  1012 | D:2      | Reached skill level 1 in Armour
  1057 | D:2      | Reached skill level 1 in Fighting
  1457 | D:2      | Noticed Sigmund
  1467 | D:2      | Noticed Robin
  1519 | D:2      | HP: 1/20 [goblin[Robin] (3)]
  1550 | D:1      | Reached XP level 4. HP: 4/25 MP: 7/13
  1891 | D:2      | Found a faded altar of an unknown god.
  2008 | D:2      | Killed Robin
  2371 | D:2      | Killed Sigmund
  2372 | D:2      | Reached skill level 6 in Spellcasting
  2372 | D:2      | Reached XP level 5. HP: 18/29 MP: 8/16
  2376 | D:2      | Reached XP level 6. HP: 21/34 MP: 4/17
  2609 | D:3      | Found a glowing silver altar of Zin.
  2697 | D:3      | Noticed Natasha
  2711 | D:3      | Killed Natasha
  2832 | D:3      | Noticed Natasha
  2839 | D:3      | Killed Natasha
  3066 | D:3      | Reached skill level 7 in Spellcasting
  3278 | D:3      | Noticed Grinder
  3287 | D:3      | Paralysed by Grinder for 5 turns
  3294 | D:3      | HP: 1/34 [Grinder (6)]
  3320 | D:3      | Found Zin's Purification Station.
  3673 | D:3      | Noticed Natasha
  3679 | D:3      | Killed Natasha
  3680 | D:3      | Reached skill level 1 in Air Magic
  4079 | D:3      | Killed Grinder
  4080 | D:3      | Reached skill level 1 in Poison Magic
  4080 | D:3      | Reached XP level 7. HP: 32/38 MP: 0/20
  4238 | D:4      | Noticed Blork the orc
  4348 | D:4      | Reached skill level 8 in Spellcasting
  4348 | D:4      | Reached skill level 1 in Evocations
  4390 | D:4      | Found a glowing drain.
  4434 | Sewer    | Entered a sewer
  4860 | D:4      | Killed Blork the orc
  5018 | D:4      | Noticed Eustachio
  5034 | D:4      | Killed Eustachio
  5035 | D:4      | Reached skill level 9 in Spellcasting
  5035 | D:4      | Reached XP level 8. HP: 44/44 MP: 13/23
  6096 | D:5      | Entered Level 5 of the Dungeon
  6101 | D:5      | Found Zatseuxo's General Store.
  6108 | D:5      | Bought a scroll of identify for 20 gold pieces
  6108 | D:5      | Bought a scroll of blinking for 75 gold pieces
  6128 | D:5      | Found Cydwodyu's Assorted Antiques.
  6432 | D:5      | Found Wougidgh's Book Boutique.
  6437 | D:5      | Found Gatunt's General Store.
  6567 | D:5      | Reached skill level 5 in Conjurations
  6707 | D:5      | Found Cocir's Elemental Accessories.
  6738 | D:5      | Reached skill level 10 in Spellcasting
  7105 | D:5      | Found Xeci's Magic Scroll Shoppe.
  7108 | D:5      | Bought a scroll of fog for 22 gold pieces
  7108 | D:5      | Bought a scroll of noise for 11 gold pieces
  7361 | D:6      | Found a sand-covered staircase.
  7380 | Ossuary  | Entered an ossuary
  7521 | Ossuary  | Reached XP level 9. HP: 36/48 MP: 25/25
  8129 | D:6      | Reached skill level 11 in Spellcasting
  8353 | D:6      | Found a runed translucent door.
  8354 | D:6      | Noticed Crazy Yiuf
  8536 | D:6      | Reached skill level 5 in Fire Magic
  8867 | D:6      | Killed Crazy Yiuf
  9383 | D:7      | Found a staircase to the Ecumenical Temple.
  9392 | Temple   | Entered the Ecumenical Temple
  9420 | Temple   | Became a worshipper of Vehumet
 10251 | D:8      | Reached skill level 12 in Spellcasting
 10558 | D:8      | Noticed a two-headed ogre
 10558 | D:8      | Noticed a komodo dragon
 10574 | D:8      | Killed a komodo dragon
 10867 | D:8      | Reached * piety under Vehumet
 10867 | D:8      | Offered knowledge of Foxfire by Vehumet.
 10868 | D:8      | Reached XP level 10. HP: 56/56 MP: 19/28
 10965 | D:7      | Learned a level 1 spell: Foxfire
 10971 | D:7      | Learned a level 5 spell: Freezing Cloud
 11081 | D:8      | Killed a two-headed ogre
 11082 | D:8      | Reached skill level 1 in Ice Magic
 11248 | D:8      | Found Erghoakh's Antique Weapon Emporium.
 11343 | D:8      | Reached skill level 13 in Spellcasting
 12221 | D:8      | Found a staircase to the Lair.
 12747 | D:9      | Reached skill level 1 in Shields
 12753 | D:9      | Reached skill level 14 in Spellcasting
 13109 | D:9      | Found a basalt altar of Yredelemnul.
 13115 | D:9      | Found a stormy altar of Qazlal.
 13208 | D:9      | Offered knowledge of Freeze by Vehumet.
 13227 | D:9      | Reached ** piety under Vehumet
 13413 | D:9      | Found a staircase to the Orcish Mines.
 13592 | D:9      | Found a burning altar of Makhleb.
 13680 | D:9      | Offered knowledge of Searing Ray by Vehumet.
 13681 | D:9      | Reached XP level 11. HP: 58/61 MP: 27/31
 13811 | D:9      | Identified the +11 war axe of the Reaper {antimagic, Drain
                  | rCorr Dex+6}
 13943 | D:10     | Entered Level 10 of the Dungeon
 14303 | D:10     | Noticed a two-headed ogre
 14303 | D:10     | an elephant changed into a two-headed ogre
 14313 | D:10     | Killed a two-headed ogre
 14790 | D:10     | Reached *** piety under Vehumet
 14809 | D:10     | Reached skill level 15 in Spellcasting
 15028 | D:10     | Upgraded the game from 0.28-a0-1033-g1a2f33fa85 to
                  | 0.28-a0-1038-g9c4cb8273d
 15087 | D:11     | Noticed a green ugly thing
 15095 | D:11     | Killed a green ugly thing
 15416 | D:11     | Noticed a seven-headed hydra
 15424 | D:11     | Killed a seven-headed hydra
 15598 | D:11     | Found Angeng's Weapon Emporium.
 15697 | D:11     | Offered knowledge of Ignite Poison by Vehumet.
 15914 | D:11     | Noticed a green ugly thing
 15923 | D:11     | Killed a green ugly thing
 15924 | D:11     | Reached skill level 16 in Spellcasting
 16090 | D:11     | Noticed a vault guard
 16093 | D:11     | Killed a vault guard
 16182 | D:11     | Found a portal to a secret trove of treasure.
 16456 | D:12     | Found a flagged portal.
 16465 | Bailey   | Entered a bailey
 16662 | Bailey   | Noticed an orc knight
 16675 | Bailey   | Killed an orc knight
 16721 | Bailey   | Reached **** piety under Vehumet
 16743 | Bailey   | Offered knowledge of Lee's Rapid Deconstruction by Vehumet.
 16816 | Bailey   | Identified the +12 falchion "Xubaz" {drain, Contam +Blink
                  | Fly Int+2}
 16871 | D:12     | Noticed a deep elf pyromancer
 16876 | D:12     | Reached XP level 12. HP: 66/66 MP: 34/34
 17039 | D:12     | Noticed a two-headed ogre
 17043 | D:12     | Killed a two-headed ogre
 17606 | D:12     | Found a runed translucent gate.
 17606 | D:12     | Found a runed translucent gate.
 17614 | D:12     | Reached skill level 10 in Conjurations
 17617 | D:12     | Reached skill level 17 in Spellcasting
 17723 | D:12     | Found a runed translucent gate.
 17726 | D:12     | Noticed Giloa's ghost (journeyman GrFi)
 17888 | D:13     | Noticed an ogre mage
 17890 | D:13     | Noticed a two-headed ogre
 17891 | D:13     | Noticed a two-headed ogre
 17892 | D:13     | Killed an ogre mage
 17892 | D:13     | Noticed a two-headed ogre
 17896 | D:13     | Noticed a two-headed ogre
 17897 | D:13     | Noticed a two-headed ogre
 17899 | D:13     | Killed a two-headed ogre
 17901 | D:13     | Killed a two-headed ogre
 17906 | D:13     | Killed a two-headed ogre
 17908 | D:13     | Killed a two-headed ogre
 17909 | D:13     | Reached skill level 10 in Fire Magic
 17921 | D:13     | Killed a two-headed ogre
 18484 | D:13     | Reached ***** piety under Vehumet
 18484 | D:13     | Offered knowledge of Olgreb's Toxic Radiance by Vehumet.
 18485 | D:13     | Reached skill level 18 in Spellcasting
 18634 | D:13     | Reached skill level 5 in Armour
 18690 | D:13     | Noticed a centaur warrior
 18697 | D:13     | Killed a centaur warrior
 18808 | D:13     | Noticed a tengu warrior
 18818 | D:13     | Killed a tengu warrior
 18946 | D:13     | Reached XP level 13. HP: 59/70 MP: 37/37
 19241 | D:14     | Noticed an ironbound preserver
 19253 | D:14     | Slain by an ironbound preserver

Illustrated notes

Levels and vault maps discovered:
D:1:      lightli_molten_gateway, layout_basic
D:2:      layout_basic, chequers_ecumenical_altar_island, uniq_jessica,
          uniq_robin, uniq_sigmund
D:3:      layout_loops_ring, zin_purify, uniq_grinder, uniq_natasha
D:4:      layout_layer_cave, portal_sewer_entry_b, minmay_misc_feat_chi,
          uniq_blork_the_orc, uniq_eustachio
D:5:      lemuel_ice_spiral_2, layout_rooms, serial_shops,
          nicolae_shop_advertising_works [nicolae_subvault_shop_adworks], shop,
          shop_fountains, kennysheep_mini_moat, nicolae_shop_overgrown_old_shop,
          nicolae_elemental_shop, patterned_corridor
D:6:      layout_basic, lightli_ossuary_entry_decrepit_ruins,
          uniq_crazy_yiuf_cottage
D:7:      nicolae_BIG_FREAKIN_CUBE, layout_layer_cave,
          minmay_temple_entry_junction_2, minmay_mini_ossuary
D:8:      layout_gridville, erik_lair_dragon, serial_shops,
          nicolae_shop_hallway_plus, grunt_decor_fettered
D:9:      layout_stronghold, mainiacjoe_overflow_six_doors_small, minitemple,
          erik_orc_2
D:10:     layout_roguey, minmay_holes, kennysheep_generic_room_14
D:11:     layout_cave_pools, serial_shops, shop, enter_trove_5
D:12:     layout_roguey, enter_bailey_2, gammafunk_ghost_necromancy
D:13:     layout_stronghold, kennysheep_generic_room_5
D:14:     layout_loops_cross, skrybe_vaults_entry_preservation,
          chequers_serial_rivers_small_b, uniq_jorgrun, uniq_josephine,
          uniq_kirke
Temple:   regret_index_temple_mists

Skill      XL: |  1  2  3  4  5  6  7  8  9 10 11 12 13 |
---------------+----------------------------------------+-----
Spellcasting   | 5 6 7 9 10 12 14 16 18 | 18.5
Armour         | 1 2 3 5 |  5.0
Fighting       | 1 2 3 4 |  4.4
Conjurations   | 2 3 4 5 7 8 9 10 11 | 11.1
Dodging        | 3 4 |  4.2
Fire Magic     | 2 3 4 6 7 9 10 | 10.6
Air Magic      | 1 |  1.0
Poison Magic   | 1 |  1.3
Stealth        | 3 |  3.0
Evocations     | 1 |  1.2
Ice Magic      | 1 |  1.1
Shields        | 2 4 |  4.0
Summonings     | |  1.1
Translocations | |  1.1

Action                   |  1- 3 |  4- 6 |  7- 9 | 10-12 | 13-15 || total
-------------------------+-------+-------+-------+-------+-------++-------
Melee: Dagger            |     1 |       |       |       |       ||     1
       Whip              |     3 |    25 |   118 |       |       ||   146
       Falchion          |       |       |     7 |    66 |     6 ||    79
       Spear             |       |       |       |    76 |       ||    76
 Cast: Magic Dart        |    72 |   121 |   366 |     8 |       ||   567
       Call Imp          |     3 |       |     1 |     2 |       ||     6
       Blink             |     1 |     2 |       |    24 |       ||    27
       Mephitic Cloud    |       |     5 |    11 |    32 |     3 ||    51
       Conjure Flame     |       |     5 |    29 |    27 |       ||    61
       Foxfire           |       |       |       |   349 |     6 ||   355
       Freezing Cloud    |       |       |       |    46 |     5 ||    51
  Use: Scroll            |       |       |     2 |    19 |       ||    21
 Stab: Confused          |       |     2 |     1 |     5 |     1 ||     9
       Sleeping          |       |       |     1 |       |       ||     1
Armor: Leather armour    |    10 |     8 |    72 |       |       ||    90
       Acid dragon scale |       |       |     2 |    74 |     2 ||    78
Dodge: Dodged            |    18 |    14 |   141 |   142 |     2 ||   317
Block: Buckler           |       |       |       |    21 |       ||    21

Table legend: (Time is in decaauts)
 A = Elapsed time spent in this place.
 B = Non-inter-level travel time spent in this place.
 C = Inter-level travel time spent in this place.
 D = Time resting spent in this place.
 E = Time spent auto-exploring this place.
 F = Levels seen in this place.
 G = Mean time per level.
                   A        B        C        D        E       F      G
               +--------+--------+--------+--------+--------+-----+--------+
         Total |  19360 |  18619 |    741 |   1479 |  13407 |  18 | 1075.6 |
       Dungeon |  17935 |  17224 |    711 |   1450 |  12554 |  14 | 1281.1 |
        Temple |    114 |     85 |     29 |      0 |     22 |   1 |  114.0 |
         Sewer |    247 |    247 |      0 |      0 |    196 |   1 |  247.0 |
       Ossuary |    681 |    681 |      0 |      0 |    442 |   1 |  681.0 |
        Bailey |    382 |    382 |      0 |     29 |    192 |   1 |  382.0 |
               +--------+--------+--------+--------+--------+-----+--------+

Top non-repeatable levels by time:
     D:8: 2135 daAuts
     D:2: 1604 daAuts
     D:7: 1600 daAuts
     D:4: 1566 daAuts
     D:3: 1463 daAuts
    D:13: 1443 daAuts
     D:9: 1351 daAuts
     D:1: 1240 daAuts
    D:11: 1184 daAuts
     D:5: 1157 daAuts
    D:10: 1145 daAuts
     D:6: 1027 daAuts
    D:12: 970 daAuts
 Ossuary: 681 daAuts
  Bailey: 382 daAuts
